cohdb
Replays
Latest Replays
All Replays
Popular Replays
Top Player Replays
Match Explorer
How It Works
Community
CoH3 Stats
Reddit
Sign in to upload your games and track your stats! →
Sign in with Steam
Match 42774459
Unlisted
Match 42774459
Overview
Messages
Build Orders
End
Royal Engineer Section
Construct Section Command Post
Selects Canadian Shock Battlegroup
Vickers Machine Gun Team
Infantry Section
Infantry Section
Infantry Section
Selects Attacking Spirit
Selects Canadian Shock Section
Construct Platoon Command Post
Unlock M3 Stuart Light Tanks
Grenade Package
Construct Field Infirmary
Selects Incendiary Munitions
M3 Stuart Light Tank
Construct Company Command Post
Unlock M3 Grant Medium Tanks
M3 Grant Medium Tank
Selects Pyrotechnics
M3 Grant Medium Tank
Infantry Training
Abeli
head2dead
SteffenXbox
_Cold_Coffe_
0
0
Comments
sign in to comment!
No comments posted yet!